Unix NetHack Version 5.0.0-0 post-release - last build May 22 2026 02:22:16 (99d1c3b6dc4b13757aaa5824b55bdea4e1e63757,branch:main).

Game began 2026-05-22 19:26:05, ended 2026-05-22 22:54:55.

ArrBianca, neutral female human Tourist

                                             #
                                          ---|-----              --------
                                         #........|              |......|
                                         #|.......|              |......|
                         -----           #|.......|              |......|
                         |...|           #|........#            #.......|
                         |..0|           #|.......|#            #|......|
                        #-...----        #|.......|##          ##------|-
                        #|......|        #--------- #         ##       ##
                        #|......|        ###        #         #         #
                        #|.....^.#####%##########   ##        *         #
                        #----...|     -----#         #        #         #
                        ##  |...-##   |00.|#         #        #         #
                         #  |...| ####000.|#         #        %         #
                         #  -----     |>.0|#         #   -----#         %
                  -----+-#            |.0.-#         ####|.._|#        -.-
                  |...<.|#            -----             #|a.[|#       .....
                  |.....-#                              #..q..#     |$$..$$$$
                  -------                                -----      ----------

ArrBianca the Excursionist  St:12 Dx:12 Co:17 In:12 Wi:12 Ch:15  Neutral
Dlvl:11 $:330 HP:0(83) Pw:17(44) AC:-4 Xp:9 T:8262  Hungry  

Latest messages:
 In what direction? .
 You feel better.
 The leocrotta misses!
 The leocrotta misses!
 The leocrotta misses!
 The leocrotta misses!
 The leocrotta bites!
 The leocrotta hits!
 In what direction? .
 You feel better.
 The leocrotta misses!
 The leocrotta bites!
 The leocrotta misses!
 The leocrotta hits!
 The leocrotta misses!
 The leocrotta misses!
 In what direction? .
 You feel better.
 The leocrotta misses!
 The leocrotta misses!
 The leocrotta hits!
 The leocrotta misses!
 The leocrotta bites!
 The leocrotta misses!
 You feel hungry.
 In what direction? .
 You feel better.
 The leocrotta misses!
 The leocrotta bites!
 The leocrotta hits!
 You hit the leocrotta!
 The leocrotta misses!
 The leocrotta bites!
 The leocrotta hits!
 The leocrotta hits!
 The leocrotta bites!
 The leocrotta hits!
 You miss the leocrotta.
 The leocrotta hits!
 The leocrotta bites!
 The leocrotta misses!
 The leocrotta hits!
 The leocrotta bites!
 The leocrotta hits!
 You die...
 Do you want your possessions identified? [ynq] (y) n
 Do you want to see your attributes? [ynq] (y) n
 Do you want an account of creatures vanquished? [ynaq] (y) n
 Do you want to see your conduct and achievements? [ynq] (y) n
 Do you want to see the dungeon overview? [ynq] (y) n

Inventory:
 Coins    ('$')
  $ - 330 gold pieces
 Weapons  (')')
  Q - 3 cursed -1 darts
  I - a +0 elven dagger (at the ready)
  o - a +0 orcish dagger
 Armor    ('[')
  w - an uncursed very burnt +0 pair of water walking boots (being worn)
  v - an uncursed +2 cloak of invisibility (being worn)
  h - an uncursed +0 Hawaiian shirt with a parrot motif (being worn)
  n - a blessed greased +2 gray dragon scale mail (being worn)
 Comestibles  ('%')
  b - 5 uncursed food rations
  Z - an uncursed partly eaten food ration
  C - 2 uncursed lichen corpses
 Scrolls  ('?')
  g - 2 blessed scrolls of magic mapping
 Spellbooks  ('+')
  P - an uncursed spellbook of confuse monster
  O - a blessed spellbook of healing
 Potions  ('!')
  F - a cursed potion of object detection
  T - a blessed potion of oil
  D - an uncursed potion of sickness
  p - a potion of holy water
  N - an uncursed potion of water
 Rings    ('=')
  k - an uncursed ring of sustain ability
 Wands    ('/')
  E - a wand of create monster (0:12)
  s - a wand of digging (0:5)
  R - a wand of nothing (0:2)
  z - a blessed wand of wishing (0:0)
 Tools    ('(')
  j - an uncursed credit card
  m - an uncursed credit card
  i - an expensive camera (0:56)
  e - a +0 pick-axe
  X - a +0 unicorn horn (weapon in hands)
 Gems/Stones  ('*')
  Y - an uncursed worthless piece of yellow glass

ArrBianca the Tourist's attributes:

Background:
 You were an Excursionist, a level 9 female human Tourist.
 You were neutral, on a mission for The Lady
 who was opposed by Blind Io (lawful) and Offler (chaotic).
 You were right-handed.
 You were in the Dungeons of Doom, on level 11.
 You entered the dungeon 8262 turns ago.
 It was nighttime.
 You had 2898 experience points, 2222 more were needed to attain level 10.

Basics:
 You had 0 out of 83 hit points.
 You had 17 out of 44 energy points (spell power).
 Your armor class was -4.
 Your wallet contained 330 zorkmids.
 Autopickup was on for '$?!/="+%' plus thrown, with exceptions.

Final Characteristics:
 Your strength was 12 (limit:18/100).
 Your dexterity was 12 (limit:18).
 Your constitution was 17 (limit:18).
 Your intelligence was 12 (limit:18).
 Your wisdom was 12 (limit:18).
 Your charisma was 15 (limit:18).

Final Status:
 You were hungry.
 You were unencumbered.
 You were wielding a unicorn horn.
 You were skilled in unicorn horn.

Final Attributes:
 You were piously aligned.
 You were magic-protected.
 You were poison resistant.
 You were telepathic.
 You were invisible.
 You aggravated monsters.
 You could walk on water.
 You were warded.
 The Lady was angry with you.
 You are dead.

Miscellaneous:
 You didn't encounter any bones levels.
 Total elapsed playing time was 1 hour, 19 minutes and 47 seconds.

Major events:
 Turn
    1: ArrBianca the neutral female human Tourist entered the dungeon
  889: attained the rank of Sightseer (level 3)
 2416: attained the rank of Excursionist (level 6)
 3730: consulted the Oracle
 4087: made her first wish - "blessed greased +2 gray dragon scale mail", got "a greased gray dragon scale mail"
 5778: entered Sokoban
 8262: killed by a leocrotta

Spells:
 Name                 Level Category     Fail Retention
 healing                1   healing       26%   51%-75%
 confuse monster        1   enchantment   19%   51%-75%

Skills:
 Fighting Skills
   bare handed combat [Basic]
   two weapon combat  [Unskilled]
   riding             [Unskilled]
 Weapon Skills
   dagger             [Unskilled]
   knife              [Unskilled]
   axe                [Unskilled]
   pick-axe           [Unskilled]
   short sword        [Unskilled]
   broadsword         [Unskilled]
   long sword         [Unskilled]
   two-handed sword   [Unskilled]
   saber              [Unskilled]
   mace               [Unskilled]
   morning star       [Unskilled]
   flail              [Unskilled]
   hammer             [Unskilled]
   quarterstaff       [Unskilled]
   polearms           [Unskilled]
   spear              [Unskilled]
   trident            [Unskilled]
   lance              [Unskilled]
   bow                [Unskilled]
   sling              [Unskilled]
   crossbow           [Unskilled]
   dart               [Skilled]
   shuriken           [Unskilled]
   boomerang          [Unskilled]
   whip               [Unskilled]
   unicorn horn       [Skilled]
 Spellcasting Skills
   divination spells  [Unskilled]
   enchantment spells [Unskilled]
   escape spells      [Unskilled]

Voluntary challenges:
 Character rerolling was not enabled.
 You never genocided any monsters.
 You never polymorphed an object.
 You never changed form.
 You used 1 wish.
 You did not wish for any artifacts.
 You did not violate any of the special Sokoban rules.
Achievements:
 You attained the rank of Sightseer.
 You attained the rank of Excursionist.
 You consulted the Oracle of Delphi.
 You entered Sokoban.

 The Dungeons of Doom: levels 1 to 11
    Level 1:
    Level 2:
       A fountain.
    Level 3:
    Level 4:
    Level 5:
       A sink.
    Level 6:
    Level 7:
    Level 8:
       Many fountains.
       Oracle of Delphi.
    Level 9:
       An altar to The Lady, a fountain, a grave.
       Stairs up to Sokoban, level 8.
    Level 10:
    Level 11: <- You were here.
       An altar to The Lady.
       Final resting place for
          you, killed by a leocrotta.
 Sokoban:
    Level 8:
       Unsolved.


Vanquished creatures:
  3 giant zombies
  a small mimic
  a xan
 an ettin mummy
  a pyrolisk
  a large dog
  a large cat
  2 tengu
 an ochre jelly
  a leocrotta
  a stone giant
  a red naga
  a wraith
  a carnivorous ape
  4 ettin zombies
  3 chameleons
  a quivering blob
  2 cockatrices
  2 wolves
  a panther
  a gremlin
  2 leprechauns
 an orc-captain
  a giant spider
 an ice vortex
  a black light
  a vampire bat
  2 orc mummies
  a dwarf mummy
  a yeti
  a lizard
  a jaguar
  a white unicorn
  a raven
  a plains centaur
  a gnome mummy
  a snake
  3 human zombies
  a Woodland-elf
  3 soldier ants
  2 fire ants
 an imp
  a mountain nymph
  3 rock piercers
  2 fog clouds
  2 yellow lights
  2 shriekers
  2 gnome leaders
  a gnomish wizard
  a golden naga hatchling
  a guardian naga hatchling
  a gray ooze
  3 elf zombies
  a ghoul
  2 giant ants
  7 floating eyes
  a homunculus
  a kobold leader
  7 rothes
  a rabid rat
  3 giant bats
  3 orc zombies
  4 dwarf zombies
  2 wererats
 an iguana
  a killer bee
  4 acid blobs
  5 coyotes
  5 hobbits
  2 large kobolds
  a hobgoblin
 11 giant rats
  4 cave spiders
  2 yellow molds
  a green mold
  3 gnome zombies
  6 geckos
  9 jackals
  2 foxes
  2 kobolds
  3 goblins
  a sewer rat
  6 grid bugs
  a bat
  6 lichens
  4 kobold zombies
  6 newts
196 creatures vanquished.

No species were genocided or became extinct.

Game over:
                       ----------
                      /          \
                     /    REST    \
                    /      IN      \
                   /     PEACE      \
                  /                  \
                  |    ArrBianca     |
                  |      330 Au      |
                  |   killed by a    |
                  |    leocrotta     |
                  |                  |
                  |                  |
                  |       2026       |
                 *|     *  *  *      | *
        _________)/\\_//(\/(/\)/\//\/|_)_______

Aloha ArrBianca the Tourist...

You died in The Dungeons of Doom on dungeon level 11 with 13205 points,
and 330 pieces of gold, after 8262 moves.
You were level 9 with a maximum of 83 hit points when you died.

